[Event "European Online Club-ch-G 2021"]
[Site "Online"]
[Date "2021.03.27"]
[Round "5.4"]
[White "Ozata, Doruk"]
[Black "Zawadzka, Jolanta"]
[Result "0-1"]
[ECO "B26"]
[WhiteElo "1646"]
[BlackElo "2399"]
[Annotator "NA"]
[PlyCount "58"]
[EventDate "2021.03.27"]
[EventType "team-tourn"]
[EventCountry "NET"]
[SourceTitle "playchess.com"]
[Source "ChessBase"]
[SourceQuality "1"]
[TimeControl "900+5"]

1. e4 c5 2. Nc3 Nc6 3. g3 g6 4. Bg2 Bg7 5. d3 e6 6. Be3 d6 7. Qd2 Rb8 8. Nge2 Nd4 9. Nd1 Ne7 10. O-O O-O 11. c3 Nxe2+ 12. Qxe2 b5 13. f4 b4 14. g4 f5 15. h3 bxc3 16. bxc3 Qa5 17. Rc1 Bd7 18. d4 cxd4 19. cxd4 Bb5 20. Qf2 Bxf1 21. Bxf1 fxe4 22. Bc4 d5 23. Bb3 Rfc8 24. Rxc8+ Rxc8 25. Nb2 Qc3 26. Na4 Qa1+ 27. Kg2 Nc6 28. f5 gxf5 29. gxf5 Rf8 0-1

[Event "European Online Club-ch-G 2021"]
[Site "Online"]
[Date "2021.03.27"]
[Round "5.5"]
[White "Gazik, Viktor"]
[Black "Dreev, Aleksey"]
[Result "0-1"]
[ECO "B30"]
[WhiteElo "2542"]
[BlackElo "2647"]
[Annotator "ChessBase"]
[PlyCount "68"]
[EventDate "2021.03.27"]
[EventType "team-tourn"]
[EventCountry "NET"]
[SourceTitle "playchess.com"]
[Source "ChessBase"]
[SourceQuality "1"]
[TimeControl "900+5"]

1. e4 c5 2. Nc3 e6 3. Nf3 Nc6 4. Bb5 Nd4 5. O-O a6 6. Bd3 Nc6 7. b3 d6 8. Bb2 Nf6 9. Re1 e5 10. Bc4 Be7 11. Nd5 O-O 12. c3 Bg4 13. h3 Bh5 14. a4 Rb8 15. Qe2 Nxd5 16. Bxd5 Bf6 17. Bc4 b5 18. axb5 axb5 19. Bxb5 Bxf3 20. gxf3 Ne7 21. Bc4 Ng6 22. Qf1 Nh4 23. Re3 Bg5 24. Rd3 Qf6 25. Qe2 Ng6 26. Qf1 Nf4 27. Re3 Kh8 28. Ra6 Qh6 29. Kh2 f5 30. d4 Qh4 31. Bc1 Rf6 32. dxe5 Rh6 33. Rxd6 g6 34. exf5 Nxh3 0-1

[Event "European Online Club-ch-G 2021"]
[Site "Online"]
[Date "2021.03.27"]
[Round "5.6"]
[White "Piorun, Kacper"]
[Black "Sahidi, Samir"]
[Result "0-1"]
[ECO "A12"]
[WhiteElo "2615"]
[BlackElo "2407"]
[Annotator "ChessBase"]
[PlyCount "130"]
[EventDate "2021.03.27"]
[EventType "team-tourn"]
[EventCountry "NET"]
[SourceTitle "playchess.com"]
[Source "ChessBase"]
[SourceQuality "1"]
[TimeControl "900+5"]

1. Nf3 Nf6 2. g3 d5 3. Bg2 c6 4. b3 Bf5 5. Bb2 h6 6. c4 e6 7. O-O Be7 8. d3 O-O 9. Nbd2 Nbd7 10. Rc1 a5 11. a3 Re8 12. Rc2 c5 13. cxd5 exd5 14. Qa1 a4 15. bxa4 c4 16. Rc3 cxd3 17. exd3 Nc5 18. Nd4 Bg6 19. Qb1 Nxa4 20. Rb3 Qa5 21. N2f3 Nxb2 22. Rxb2 Qxa3 23. Ne5 Qc3 24. Ndf3 Bh5 25. Rxb7 Bxf3 26. Nxf3 Bd6 27. Rc1 Qa3 28. Nd4 Qa2 29. Nf5 Qxb1 30. Rcxb1 Bf8 31. R7b5 Ra3 32. Rd1 Rd8 33. Ne3 d4 34. Nc4 Ra2 35. Bf3 g6 36. Ne5 Bg7 37. Rb7 Rf8 38. Rc1 Ra5 39. Nc4 Rc5 40. Ra1 Nd5 41. Raa7 Nc3 42. Nd6 h5 43. h4 Be5 44. Nxf7 Bg7 45. Ng5 Bh6 46. Kg2 Rcf5 47. Rd7 Nb5 48. Rab7 Nc3 49. Rbc7 Re8 50. Nf7 Bf8 51. Nd6 Bxd6 52. Rxd6 Ref8 53. Rxg6+ Kh8 54. Rh6+ Kg8 55. Bxh5 Rxf2+ 56. Kh3 Nd5 57. Rg6+ Kh8 58. Rh6+ Kg8 59. Rd7 Ne3 60. Rg6+ Kh8 61. Rh6+ Kg8 62. Rdd6 R8f5 63. Rdg6+ Kf8 64. Bg4 Rf1 65. Bf3 R5xf3 0-1

[Event "European Online Club-ch-G 2021"]
[Site "Online"]
[Date "2021.03.27"]
[Round "5.7"]
[White "Kostolansky, Sebastian Lukas"]
[Black "Shchekachev, Andrei"]
[Result "1/2-1/2"]
[ECO "B08"]
[WhiteElo "2393"]
[BlackElo "2515"]
[Annotator "ChessBase"]
[PlyCount "131"]
[EventDate "2021.03.27"]
[EventType "team-tourn"]
[EventCountry "NET"]
[SourceTitle "playchess.com"]
[Source "ChessBase"]
[SourceQuality "1"]
[TimeControl "900+5"]

1. e4 Nc6 2. Nf3 d6 3. d4 Nf6 4. Nc3 g6 5. Be2 Bg7 6. O-O O-O 7. Be3 a6 8. a4 e5 9. dxe5 dxe5 10. Qxd8 Rxd8 11. Rfd1 Bg4 12. h3 Bxf3 13. Bxf3 Nd4 14. Bxd4 exd4 15. Nd5 Nd7 16. Nxc7 Rac8 17. Nd5 Rxc2 18. b4 d3 19. Rac1 Bh6 20. Ne3 Rxc1 21. Rxc1 Ne5 22. Kf1 Kg7 23. Rd1 Rd4 24. Ng4 Nxg4 25. hxg4 d2 26. b5 Rxa4 27. bxa6 bxa6 28. g3 Ra2 29. Bg2 Bg5 30. Ke2 a5 31. f4 Be7 32. Rxd2 Rxd2+ 33. Kxd2 g5 34. e5 Bc5 35. Ke2 Bd4 36. Bd5 h6 37. Bb3 Kf8 38. Kf3 Ke7 39. Ke4 Bf2 40. Kf3 Be1 41. Kg2 Bc3 42. Kf3 Bb4 43. Ke4 Be1 44. Kf3 f6 45. exf6+ Kxf6 46. Kg2 Ke7 47. Kf3 Kd6 48. f5 Bc3 49. Ke4 Be5 50. Kd3 Kc5 51. Ke4 Bxg3 52. f6 Kd6 53. Kf5 Be5 54. Kg6 Bc3 55. Kf5 Bb2 56. Kg6 Bc3 57. Kf5 Ba1 58. Kg6 Bb2 59. f7 Ke7 60. Kxh6 Kf8 61. Kxg5 Bc3 62. Kg6 Bb2 63. g5 Bc3 64. Kf5 a4 65. Bxa4 Kxf7 66. Bb3+ 1/2-1/2

[Event "European Online Club-ch-G 2021"]
[Site "Online"]
[Date "2021.03.27"]
[Round "5.8"]
[White "Flom, Gabriel"]
[Black "Haring, Filip"]
[Result "0-1"]
[ECO "A67"]
[WhiteElo "2474"]
[BlackElo "2376"]
[Annotator "ChessBase"]
[PlyCount "114"]
[EventDate "2021.03.27"]
[EventType "team-tourn"]
[EventCountry "NET"]
[SourceTitle "playchess.com"]
[Source "ChessBase"]
[SourceQuality "1"]
[TimeControl "900+5"]

1. d4 Nf6 2. c4 c5 3. d5 e6 4. Nc3 exd5 5. cxd5 d6 6. e4 g6 7. f4 Bg7 8. Bb5+ Nfd7 9. a4 Na6 10. Nf3 Nb4 11. O-O a6 12. Be2 O-O 13. Re1 f5 14. e5 dxe5 15. d6 e4 16. Bc4+ Kh8 17. Ng5 Nb6 18. Nf7+ Rxf7 19. Bxf7 Qf6 20. Qb3 Qxd6 21. a5 Nd7 22. Be3 Nf6 23. h3 Bd7 24. Red1 Qe7 25. Bc4 Bc6 26. Rd2 h5 27. Rad1 Kh7 28. Na2 Nd3 29. Qa3 Re8 30. Nc1 Bd5 31. Bxd3 exd3 32. Bxc5 Qe4 33. Qxd3 Qxf4 34. Ne2 Qc7 35. Bb6 Qc6 36. Nc3 Be4 37. Qd6 Qc4 38. Bd4 Re6 39. Qd8 Re8 40. Qd6 Re6 41. Qa3 Bh6 42. Re2 Nd5 43. Ree1 Nxc3 44. Bxc3 Bc6 45. Rxe6 Qxe6 46. Re1 Be3+ 47. Kh1 Bxg2+ 48. Kh2 Bc6 49. Qf8 Bf4+ 50. Kg1 Be3+ 51. Kf1 Qc4+ 52. Re2 Qf4+ 53. Ke1 Qg3+ 54. Kd1 Ba4+ 55. Rc2 Qf3+ 56. Ke1 Bf2+ 57. Kf1 Bb5+ 0-1

[Event "European Online Club-ch-G 2021"]
[Site "Online"]
[Date "2021.03.27"]
[Round "5.9"]
[White "Harvey, Marcus R"]
[Black "Grachev, Boris"]
[Result "0-1"]
[ECO "A12"]
[WhiteElo "2440"]
[BlackElo "2619"]
[Annotator "ChessBase"]
[PlyCount "126"]
[EventDate "2021.03.27"]
[EventType "team-tourn"]
[EventCountry "NET"]
[SourceTitle "playchess.com"]
[Source "ChessBase"]
[SourceQuality "1"]
[TimeControl "900+5"]

1. Nf3 d5 2. b3 Bg4 3. e3 Nd7 4. h3 Bh5 5. Bb2 e6 6. Be2 Ngf6 7. c4 c6 8. Nc3 Bd6 9. O-O O-O 10. d4 Qe7 11. Ne5 Bxe2 12. Nxe2 Ba3 13. Bxa3 Qxa3 14. Nxd7 Nxd7 15. Qc1 Qe7 16. Nc3 Nf6 17. Rd1 Rfd8 18. Qc2 h6 19. c5 e5 20. b4 a6 21. a4 exd4 22. exd4 Re8 23. b5 axb5 24. axb5 Qe6 25. b6 Nh5 26. Rxa8 Rxa8 27. Qe2 Nf4 28. Qxe6 Nxe6 29. Kf1 Ra3 30. Ne2 Ra4 31. f4 f5 32. g4 g6 33. Kf2 Kf7 34. Ke3 Kf6 35. Nc3 Ra3 36. Rd3 Ra1 37. Rd1 Ra3 38. Rd3 Ra8 39. Rd2 Re8 40. Kf3 g5 41. Ne2 gxf4 42. Nxf4 Nxf4 43. Kxf4 Re4+ 44. Kf3 fxg4+ 45. hxg4 Kg5 46. Ra2 Rxd4 47. Ra7 Rf4+ 48. Ke3 Rf7 49. Ra8 Kxg4 50. Rc8 Kf5 51. Rh8 Kg6 52. Rg8+ Rg7 53. Rh8 Rh7 54. Rg8+ Rg7 55. Rh8 Kg5 56. Rc8 h5 57. Rc7 Kh6 58. Kf4 h4 59. Rc8 h3 60. Rh8+ Rh7 61. Re8 h2 62. Re6+ Kg7 63. Re7+ Kg6 0-1

[Event "European Online Club-ch-G 2021"]
[Site "Online"]
[Date "2021.03.27"]
[Round "5.10"]
[White "Najer, Evgeniy"]
[Black "Greet, Andrew N"]
[Result "1-0"]
[ECO "C11"]
[WhiteElo "2648"]
[BlackElo "2417"]
[Annotator "ChessBase"]
[PlyCount "67"]
[EventDate "2021.03.27"]
[EventType "team-tourn"]
[EventCountry "NET"]
[SourceTitle "playchess.com"]
[Source "ChessBase"]
[SourceQuality "1"]
[TimeControl "900+5"]

1. d4 e6 2. e4 d5 3. Nc3 Nf6 4. e5 Nfd7 5. f4 c5 6. Nf3 Nc6 7. Be3 a6 8. Ne2 Qb6 9. Qc1 cxd4 10. Nexd4 Nxd4 11. Bxd4 Bc5 12. c3 Nb8 13. Qd2 Bd7 14. O-O-O Ba4 15. Re1 Nc6 16. Bxc5 Qxc5 17. Kb1 Bb5 18. Nd4 g6 19. g4 O-O-O 20. f5 gxf5 21. gxf5 exf5 22. Bh3 Kb8 23. Bxf5 Rde8 24. Bd7 Re7 25. Bxc6 bxc6 26. Re3 Qb6 27. Rhe1 Rd8 28. e6 c5 29. exf7 Qg6+ 30. Ka1 Rxe3 31. Qxe3 Qxf7 32. Nxb5 axb5 33. Qxc5 Qb7 34. Re7 1-0

[Event "European Online Club-ch-G 2021"]
[Site "Online"]
[Date "2021.03.27"]
[Round "5.11"]
[White "Sukandar, Irine Kharisma"]
[Black "Kobalia, Mikhail"]
[Result "0-1"]
[ECO "B85"]
[WhiteElo "2413"]
[BlackElo "2587"]
[Annotator "ChessBase"]
[PlyCount "82"]
[EventDate "2021.03.27"]
[EventType "team-tourn"]
[EventCountry "NET"]
[SourceTitle "playchess.com"]
[Source "ChessBase"]
[SourceQuality "1"]
[TimeControl "900+5"]

1. e4 c5 2. Nf3 e6 3. d4 cxd4 4. Nxd4 Nc6 5. Nc3 a6 6. a3 d6 7. Be3 Bd7 8. Be2 Nf6 9. O-O Be7 10. f4 O-O 11. Qe1 Nxd4 12. Bxd4 Bc6 13. Qg3 b5 14. Rae1 Qb8 15. b4 Qc7 16. Kh1 Rae8 17. Bd3 e5 18. fxe5 Nh5 19. Qh3 dxe5 20. Nd5 Bxd5 21. exd5 exd4 22. Qxh5 g6 23. Qg4 Bd6 24. Qxd4 Bxh2 25. Re4 Rxe4 26. Qxe4 Bd6 27. Rf3 Qd8 28. Re3 Qg5 29. Kg1 Rc8 30. Qf3 Rc3 31. Re8+ Kg7 32. Qe4 Rxa3 33. Qd4+ f6 34. Re3 Ra1+ 35. Bf1 Qf4 36. Re7+ Kh6 37. Qxa1 Bxe7 38. Qxa6 Bxb4 39. Qxb5 Qd4+ 40. Kh1 Qh4+ 41. Kg1 Bc3 0-1

[Event "European Online Club-ch-G 2021"]
[Site "Online"]
[Date "2021.03.27"]
[Round "5.12"]
[White "Murzin, Volodar"]
[Black "Derakhshani, Borna"]
[Result "1-0"]
[ECO "B13"]
[WhiteElo "2478"]
[BlackElo "2373"]
[Annotator "ChessBase"]
[PlyCount "43"]
[EventDate "2021.03.27"]
[EventType "team-tourn"]
[EventCountry "NET"]
[SourceTitle "playchess.com"]
[Source "ChessBase"]
[SourceQuality "1"]
[TimeControl "900+5"]

1. e4 c6 2. d4 d5 3. exd5 cxd5 4. Bd3 Nc6 5. c3 Nf6 6. Nf3 Qc7 7. O-O Bg4 8. Nbd2 e6 9. Re1 Bd6 10. Nf1 O-O 11. Bg5 e5 12. Bxf6 gxf6 13. Ne3 Be6 14. dxe5 Nxe5 15. Nxe5 fxe5 16. Bf5 Qd7 17. Nxd5 Kh8 18. Nf6 Qe7 19. Qh5 Bxf5 20. Qxf5 Kg7 21. Qg5+ Kh8 22. Qh6 1-0

[Event "European Online Club-ch-G 2021"]
[Site "Online"]
[Date "2021.03.27"]
[Round "5.13"]
[White "Borhy, Marcell"]
[Black "Flear, Glenn C"]
[Result "1-0"]
[ECO "E04"]
[WhiteElo "2392"]
[BlackElo "2431"]
[Annotator "NA"]
[PlyCount "73"]
[EventDate "2021.03.27"]
[EventType "team-tourn"]
[EventCountry "NET"]
[SourceTitle "playchess.com"]
[Source "ChessBase"]
[SourceQuality "1"]
[TimeControl "900+5"]

1. c4 e6 2. Nf3 d5 3. d4 Nf6 4. g3 c6 5. Bg2 Nbd7 6. O-O dxc4 7. a4 a5 8. Qc2 Nb6 9. e4 Be7 10. Rd1 O-O 11. Na3 h6 12. Ne5 Nfd7 13. Nexc4 Nxc4 14. Nxc4 b6 15. Be3 Bb7 16. Qb3 Bb4 17. Rac1 Rc8 18. Bd2 b5 19. Na3 bxa4 20. Qxa4 Nb6 21. Qb3 Qe7 22. Bxb4 Qxb4 23. Qxb4 axb4 24. Nc2 b3 25. Na1 Na4 26. Rd2 c5 27. Rc4 Bc6 28. dxc5 Rfd8 29. Nxb3 Rxd2 30. Nxd2 Nxb2 31. Rc2 Na4 32. f3 Bb5 33. Nb3 Bd3 34. Rc1 Rb8 35. Nd4 Rb4 36. Nc6 Rb5 37. Ne5 1-0

[Event "European Online Club-ch-G 2021"]
[Site "Online"]
[Date "2021.03.27"]
[Round "5.14"]
[White "Boyer, Mahel"]
[Black "Krstulovic, Alex"]
[Result "0-1"]
[ECO "D10"]
[WhiteElo "2333"]
[BlackElo "2387"]
[Annotator "NA"]
[PlyCount "112"]
[EventDate "2021.03.27"]
[EventType "team-tourn"]
[EventCountry "NET"]
[SourceTitle "playchess.com"]
[Source "ChessBase"]
[SourceQuality "1"]
[TimeControl "900+5"]

1. d4 d5 2. c4 c6 3. cxd5 cxd5 4. Bf4 Nc6 5. e3 e6 6. Nc3 Bd6 7. Bxd6 Qxd6 8. Bd3 Nge7 9. Nf3 h6 10. O-O O-O 11. Rc1 Bd7 12. Nb5 Qb8 13. a3 a6 14. Nc3 e5 15. dxe5 Nxe5 16. Be2 Rd8 17. Nd4 Qd6 18. Qb3 Bg4 19. h3 Bxe2 20. Ndxe2 Rac8 21. Rfd1 b5 22. e4 Qg6 23. Nxd5 Nxd5 24. Rxc8 Rxc8 25. exd5 Qc2 26. Nd4 Qxb3 27. Nxb3 Nc4 28. Nd4 Nxb2 29. Re1 Nc4 30. Nc6 Kf8 31. a4 bxa4 32. Rd1 a3 33. Rc1 Ne5 34. Rc3 Nxc6 35. dxc6 a2 36. Ra3 Rxc6 37. Rxa2 Ke7 38. Rb2 Rc7 39. Ra2 Ra7 40. Ra5 Kd6 41. g4 Kc6 42. Kg2 Kb6 43. Ra1 a5 44. Rb1+ Kc5 45. f4 Kc4 46. g5 a4 47. Kg3 a3 48. Ra1 a2 49. h4 h5 50. f5 g6 51. Kf4 Kb3 52. Ke5 Ra5+ 53. Kd6 Rxf5 54. Re1 Rf2 55. Ke7 Kb2 56. Re2+ Rxe2+ 0-1

[Event "European Online Club-ch-G 2021"]
[Site "Online"]
[Date "2021.03.27"]
[Round "5.15"]
[White "Juhasz, Agoston"]
[Black "Collier, Timothy"]
[Result "1/2-1/2"]
[ECO "B12"]
[WhiteElo "2356"]
[BlackElo "2074"]
[Annotator "NA"]
[PlyCount "124"]
[EventDate "2021.03.27"]
[EventType "team-tourn"]
[EventCountry "NET"]
[SourceTitle "playchess.com"]
[Source "ChessBase"]
[SourceQuality "1"]
[TimeControl "900+5"]

1. e4 c6 2. d4 d5 3. e5 Bf5 4. Nf3 e6 5. Be2 c5 6. Be3 Qb6 7. Nc3 c4 8. Qc1 Bb4 9. O-O Ne7 10. Bd2 Bxc3 11. Bxc3 Bg4 12. b3 Bxf3 13. Bxf3 cxb3 14. axb3 Nbc6 15. Qd2 Nf5 16. Rfd1 O-O 17. Be2 f6 18. exf6 Rxf6 19. Bg4 Raf8 20. Ba5 Qxd4 21. Bxf5 Qxd2 22. Bxe6+ Rxe6 23. Bxd2 d4 24. Re1 Rfe8 25. Kf1 Kf7 26. f3 Rxe1+ 27. Bxe1 Re5 28. Rd1 Ke6 29. Rd2 b5 30. Bf2 Kd5 31. c3 a5 32. Bxd4 Nxd4 33. Rxd4+ Kc5 34. Kf2 g5 35. Rd7 h5 36. Rc7+ Kb6 37. Rc8 Kb7 38. Rd8 a4 39. bxa4 bxa4 40. Rd1 Kb6 41. g3 Rc5 42. Rc1 Kb5 43. Ke3 Kc4 44. f4 gxf4+ 45. gxf4 a3 46. Ke4 a2 47. f5 Kb3 48. f6 Rxc3 49. Rxc3+ Kxc3 50. f7 a1=Q 51. f8=Q Qe1+ 52. Kd5 Qd2+ 53. Kc5 Qd4+ 54. Kb5 Qd3+ 55. Ka5 Qd5+ 56. Kb6 Qb3+ 57. Kc6 Qa4+ 58. Kd5 Qc4+ 59. Ke5 Qe2+ 60. Kd5 Qd2+ 61. Kc5 Qd4+ 62. Kb5 Qc4+ 1/2-1/2

[Event "European Online Club-ch-G 2021"]
[Site "Online"]
[Date "2021.03.27"]
[Round "5.16"]
[White "Hmamouche, Youssef"]
[Black "Ongut, Tamas Gunes"]
[Result "0-1"]
[ECO "E61"]
[WhiteElo "1926"]
[BlackElo "2314"]
[Annotator "NA"]
[PlyCount "90"]
[EventDate "2021.03.27"]
[EventType "team-tourn"]
[EventCountry "NET"]
[SourceTitle "playchess.com"]
[Source "ChessBase"]
[SourceQuality "1"]
[TimeControl "900+5"]

1. d4 Nf6 2. Nf3 g6 3. c4 Bg7 4. Nc3 O-O 5. Bg5 c5 6. d5 h6 7. Bh4 d6 8. e3 g5 9. Bg3 Nh5 10. Qc2 Nxg3 11. hxg3 f5 12. Be2 Nd7 13. g4 b5 14. cxb5 Nb6 15. a4 e6 16. dxe6 fxg4 17. Rxh6 Bxh6 18. Qg6+ Bg7 19. Nxg5 Rf6 20. Qh7+ Kf8 21. Nce4 Bxe6 22. a5 Bg8 23. Nxf6 Qxf6 24. Qe4 Re8 25. Qxg4 Qxb2 26. Qf5+ Qf6 27. Qxf6+ Bxf6 28. Rb1 Bxg5 29. axb6 axb6 30. Kd2 d5 31. f4 Bf6 32. g4 d4 33. exd4 Bxd4 34. Bd3 c4 35. Bf5 Be3+ 36. Kc2 Be6 37. Bxe6 Rxe6 38. Kc3 Re4 39. Rf1 Rxf4 40. Rxf4+ Bxf4 41. Kxc4 Kg7 42. Kd5 Kg6 43. Ke4 Bc7 44. Kd5 Bh2 45. Kc6 Bg1 0-1

[Event "European Online Club-ch-G 2021"]
[Site "Online"]
[Date "2021.03.27"]
[Round "5.17"]
[White "Sevdimaliyev, Urfan"]
[Black "Mica, Marek"]
[Result "0-1"]
[ECO "D02"]
[WhiteElo "2369"]
[BlackElo "2274"]
[Annotator "NA"]
[PlyCount "110"]
[EventDate "2021.03.27"]
[EventType "team-tourn"]
[EventCountry "NET"]
[SourceTitle "playchess.com"]
[Source "ChessBase"]
[SourceQuality "1"]
[TimeControl "900+5"]

1. d4 d5 2. Nf3 e6 3. Bf4 Bd6 4. Bg3 Nf6 5. Nbd2 O-O 6. e3 c5 7. c3 Qc7 8. Bd3 Nbd7 9. e4 cxd4 10. cxd4 Bxg3 11. hxg3 dxe4 12. Nxe4 Nxe4 13. Bxe4 Nf6 14. Bd3 Qa5+ 15. Kf1 b6 16. g4 g6 17. Ne5 Bb7 18. g5 Qd5 19. gxf6 Qxg2+ 20. Ke2 Rfd8 21. Rh4 Qg5 22. Re4 Bxe4 23. Bxe4 Rac8 24. Qd3 Qxf6 25. Rh1 Qg7 26. f4 f6 27. Nc6 Rd6 28. Rc1 Rc7 29. Qf3 f5 30. Qa3 Qf8 31. Bf3 Rxd4 32. Qb3 Rd6 33. Rc3 Qe8 34. Ne5 Rxc3 35. bxc3 Qd8 36. Qc4 Kg7 37. a4 Kf6 38. a5 bxa5 39. Qc5 Qe7 40. Qc8 Rd8 41. Qc6 Qd6 42. Qxd6 Rxd6 43. Nc4 Rd8 44. Nxa5 g5 45. fxg5+ Kxg5 46. c4 Rc8 47. Kd3 e5 48. Bb7 Rc7 49. Bc6 Kf4 50. c5 e4+ 51. Kd4 h5 52. Bb5 h4 53. c6 h3 54. Bf1 Kg3 55. Kd5 h2 0-1

[Event "European Online Club-ch-G 2021"]
[Site "Online"]
[Date "2021.03.27"]
[Round "5.18"]
[White "Stalmach, Richard"]
[Black "Babayev, Talib"]
[Result "0-1"]
[ECO "E63"]
[WhiteElo "2296"]
[BlackElo "2282"]
[Annotator "NA"]
[PlyCount "94"]
[EventDate "2021.03.27"]
[EventType "team-tourn"]
[EventCountry "NET"]
[SourceTitle "playchess.com"]
[Source "ChessBase"]
[SourceQuality "1"]
[TimeControl "900+5"]

1. d4 Nf6 2. c4 g6 3. Nc3 Bg7 4. Nf3 O-O 5. g3 d6 6. Bg2 Nc6 7. O-O a6 8. Bf4 Nd7 9. e4 e5 10. Bg5 f6 11. Be3 exd4 12. Nxd4 Nde5 13. Qe2 Ng4 14. Nxc6 bxc6 15. Bd2 Rb8 16. h3 Ne5 17. f4 Nf7 18. Nd1 c5 19. Bc3 Qe8 20. Ne3 f5 21. Bxg7 Kxg7 22. exf5 Bxf5 23. Nxf5+ gxf5 24. Qd3 Qe7 25. Qxf5 Rxb2 26. Be4 Rg8 27. Rae1 Kf8 28. Bd5 Rxg3+ 29. Kh1 Qf6 30. Qxh7 Nh6 31. Qd7 Nf7 32. Rg1 Rxg1+ 33. Rxg1 Qxf4 34. Qc8+ Ke7 35. Qxc7+ Kf8 36. Qc8+ Ke7 37. Re1+ Kf6 38. Qe6+ Kg7 39. Rg1+ Kf8 40. Qc8+ Ke7 41. Re1+ Kf6 42. Bg2 Kg7 43. Rg1 Kh7 44. Qe6 Ng5 45. Qe7+ Kh6 46. Qe1 Rxa2 47. Qd1 Ne4 0-1

[Event "European Online Club-ch-G 2021"]
[Site "Online"]
[Date "2021.03.27"]
[Round "5.19"]
[White "Gasimov, Parviz"]
[Black "Frank, Adam"]
[Result "1-0"]
[ECO "C55"]
[WhiteElo "2337"]
[BlackElo "2238"]
[Annotator "NA"]
[PlyCount "81"]
[EventDate "2021.03.27"]
[EventType "team-tourn"]
[EventCountry "NET"]
[SourceTitle "playchess.com"]
[Source "ChessBase"]
[SourceQuality "1"]
[TimeControl "900+5"]

1. e4 e5 2. Bc4 Nf6 3. d3 Nc6 4. Nf3 Be7 5. O-O O-O 6. Re1 d6 7. a4 Bg4 8. h3 Bh5 9. Nbd2 d5 10. exd5 Nxd5 11. g4 Bg6 12. Nxe5 Nxe5 13. Rxe5 c6 14. Qf3 Bd6 15. Rxd5 cxd5 16. Bxd5 Kh8 17. Nc4 f5 18. Nxd6 fxg4 19. Qg3 Qa5 20. Qe5 Rae8 21. Nxe8 Rxe8 22. Qd4 Qe1+ 23. Kh2 Rf8 24. Bg2 gxh3 25. Bh6 Qe7 26. Bxh3 Qc7+ 27. Kg1 Be8 28. Re1 Qf7 29. Bg2 Qg6 30. Bf4 Bc6 31. Bg3 h5 32. Qd6 Qf5 33. Bxc6 bxc6 34. Re5 Qf3 35. Rxh5+ Qxh5 36. Qxf8+ Kh7 37. Kg2 Qd5+ 38. Qf3 Qc5 39. Qe4+ Kh8 40. Qh4+ Kg8 41. Qc4+ 1-0

[Event "European Online Club-ch-G 2021"]
[Site "Online"]
[Date "2021.03.27"]
[Round "5.20"]
[White "Paseka, Matyas"]
[Black "Hasanzade, Toghrul"]
[Result "1/2-1/2"]
[ECO "B14"]
[WhiteElo "2069"]
[BlackElo "2322"]
[Annotator "NA"]
[PlyCount "64"]
[EventDate "2021.03.27"]
[EventType "team-tourn"]
[EventCountry "NET"]
[SourceTitle "playchess.com"]
[Source "ChessBase"]
[SourceQuality "1"]
[TimeControl "900+5"]

1. e4 c6 2. d4 d5 3. exd5 cxd5 4. c4 Nf6 5. Nc3 g6 6. cxd5 Bg7 7. Qb3 O-O 8. Be2 Na6 9. Bf3 Qb6 10. Qxb6 axb6 11. Nge2 Nb4 12. O-O Rd8 13. Bg5 Nbxd5 14. Nxd5 Nxd5 15. Nc3 Be6 16. Nxd5 Bxd5 17. Bxe7 Rd7 18. Bxd5 Rxd5 19. Rac1 Bxd4 20. Rcd1 Kg7 21. Rd2 Re8 22. Bb4 Kf6 23. Rxd4 Rxd4 24. Bc3 Red8 25. Rd1 Ke5 26. f3 b5 27. b4 f5 28. Kf2 f4 29. g4 R8d5 30. Rd2 Rd6 31. Rd1 R6d5 32. Rd2 Rd6 1/2-1/2

[Event "European Online Club-ch-G 2021"]
[Site "Online"]
[Date "2021.03.27"]
[Round "6.1"]
[White "Altun, Arda"]
[Black "Mica, Marek"]
[Result "1-0"]
[ECO "B19"]
[WhiteElo "2074"]
[BlackElo "2274"]
[Annotator "NA"]
[PlyCount "137"]
[EventDate "2021.03.27"]
[EventType "team-tourn"]
[EventCountry "NET"]
[SourceTitle "playchess.com"]
[Source "ChessBase"]
[SourceQuality "1"]
[TimeControl "900+5"]

1. e4 c6 2. d4 d5 3. Nc3 dxe4 4. Nxe4 Bf5 5. Ng3 Bg6 6. h4 h6 7. Nf3 Nd7 8. h5 Bh7 9. Bd3 Bxd3 10. Qxd3 e6 11. Bd2 Ngf6 12. O-O-O Be7 13. Ne4 O-O 14. Kb1 Nxe4 15. Qxe4 Nf6 16. Qe2 Qd5 17. Ne5 Qe4 18. Qxe4 Nxe4 19. Be3 f5 20. Ng6 Rf7 21. f3 Nf6 22. c4 Kh7 23. Nf4 Bd6 24. Rde1 Re8 25. Bd2 Bxf4 26. Bxf4 b5 27. b3 Rb7 28. Kc2 Kg8 29. Be5 Kf7 30. c5 a5 31. a3 Rd7 32. Bd6 Red8 33. Reg1 f4 34. Rh4 Nd5 35. Bxf4 Ne7 36. Be5 Nf5 37. Rf4 Kg8 38. Kc3 Ng3 39. Re1 Kh7 40. Bd6 Nxh5 41. Rfe4 Nf6 42. Rxe6 Nd5+ 43. Kc2 Kg8 44. Re8+ Kf7 45. R8e4 Ra8 46. g4 a4 47. b4 Rdd8 48. f4 Re8 49. f5 Rxe4 50. Rxe4 Re8 51. Be5 g6 52. Re1 h5 53. gxh5 gxf5 54. Kd3 Rg8 55. h6 Kg6 56. Rg1+ Kh7 57. Rg7+ Rxg7 58. hxg7 Kg8 59. Ke2 Kf7 60. Kf3 Kg8 61. Kg3 Kh7 62. Kh4 Ne3 63. Kg5 Nc4 64. Kf6 Kg8 65. Kxf5 Kf7 66. d5 cxd5 67. c6 Nb6 68. c7 Nc8 69. Bd4 1-0

[Event "European Online Club-ch-G 2021"]
[Site "Online"]
[Date "2021.03.27"]
[Round "6.2"]
[White "Gnojek, Petr"]
[Black "Danaci, Ege"]
[Result "0-1"]
[ECO "E81"]
[WhiteElo "2267"]
[BlackElo "1996"]
[Annotator "NA"]
[PlyCount "78"]
[EventDate "2021.03.27"]
[EventType "team-tourn"]
[EventCountry "NET"]
[SourceTitle "playchess.com"]
[Source "ChessBase"]
[SourceQuality "1"]
[TimeControl "900+5"]

1. d4 Nf6 2. c4 g6 3. f3 Bg7 4. e4 O-O 5. Nc3 d6 6. Be3 c5 7. Nge2 cxd4 8. Nxd4 Nc6 9. Nc2 a5 10. Be2 a4 11. O-O Qa5 12. Qd2 Be6 13. Rad1 Nd7 14. Na3 Rfc8 15. Nd5 Bxd5 16. exd5 Qxd2 17. Rxd2 Nb4 18. Bd4 Nxa2 19. Nc2 Nc5 20. Bxg7 Kxg7 21. Ra1 Nb3 22. Rdd1 Nxa1 23. Rxa1 b5 24. Rxa2 bxc4 25. Ra3 Rab8 26. Ne3 Rxb2 27. Bxc4 Rb4 28. Be2 Rb3 29. Rxb3 axb3 30. Nc4 b2 31. Nxb2 Rc2 32. Kf2 Rxb2 33. Ke3 Kf6 34. f4 Rxe2+ 35. Kxe2 e6 36. Ke3 Kf5 37. h3 h5 38. g3 exd5 39. Kd4 h4 0-1

[Event "European Online Club-ch-G 2021"]
[Site "Online"]
[Date "2021.03.27"]
[Round "6.3"]
[White "Yildirim, Ibrahim Halil"]
[Black "Frank, Adam"]
[Result "0-1"]
[ECO "B07"]
[WhiteElo "1783"]
[BlackElo "2238"]
[Annotator "NA"]
[PlyCount "66"]
[EventDate "2021.03.27"]
[EventType "team-tourn"]
[EventCountry "NET"]
[SourceTitle "playchess.com"]
[Source "ChessBase"]
[SourceQuality "1"]
[TimeControl "900+5"]

1. e4 d6 2. d4 Nf6 3. Nc3 g6 4. Be3 a6 5. Qd2 b5 6. Bd3 Bb7 7. f3 Nbd7 8. O-O-O c5 9. dxc5 dxc5 10. h4 h5 11. Nh3 Bg7 12. Kb1 Qc7 13. Bf4 e5 14. Be3 O-O 15. Nf2 Rfd8 16. g4 Nb6 17. gxh5 Nc4 18. Qc1 Nxe3 19. Qxe3 Nxh5 20. Be2 Rd4 21. Nd5 Bxd5 22. exd5 Rd8 23. c4 bxc4 24. Qc3 e4 25. Qc2 Ng3 26. Rhg1 Rb8 27. fxe4 Qf4 28. Rg2 Nxe4 29. Nh3 Qxh4 30. Rh1 Rd2 31. Qxc4 Rbxb2+ 32. Kc1 Nc3 33. Qxh4 Rbc2# 0-1